 Dungeon Crawl Stone Soup version 0.30-b1-2-g02819fbbbe (webtiles) character file.

Game seed: 15492195269891095238

363 MajorAdolf the Slasher (level 6, -2/56 HPs)
             Began as a Naga Wanderer on May 27, 2023.
             Slain by a kobold brigand
             ... wielding a +0 club
              (6 damage)
             ... in a sewer.
             The game lasted 00:05:00 (2537 turns).

MajorAdolf the Slasher (Naga Wanderer)              Turns: 2537, Time: 00:05:00

Health: -2/56      AC:  5    Str: 15    XL:     6   Next: 67%
Magic:  6/6        EV:  9    Int: 14    God:
Gold:   77         SH:  0    Dex: 18    Spells: 5/5 levels left

rFire   + . .        a - +2 falchion
rCold   . . .        (no shield)
rNeg    . . .        e - +0 leather armour
rPois   +            c - +0 helmet
rElec   .            m - +0 cloak
rCorr   .            (no gloves)
SInv    +            (no barding)
Will    .....        (no amulet)
Stlth   +            j - +6 ring of dexterity
HPRegen 0.29/turn    (no ring)
MPRegen 0.10/turn

%: no passive effects
@: short of breath, very slow
A: AC +2, large, see invisible, deformed body, poison resistance, slowness 2,
spit poison 2, naga tail 1, clever 1, fire resistance 1, robust 1
a: Breathe Poison Gas


You were in a sewer.
You visited 1 branch of the dungeon, and saw 3 of its levels.
You also visited: Sewer.

You collected 77 gold pieces.

Inventory:

Hand Weapons
 a - a +2 falchion (weapon)
 b - a +0 mace
 n - a +1 dagger of electrocution
Missiles
 l - a throwing net
Armour
 c - a +0 helmet (worn)
 e - a +0 leather armour (worn)
 m - a +0 cloak (worn)
Jewellery
 j - a +6 ring of dexterity (left hand)
Scrolls
 i - 2 scrolls of identify
 o - a scroll of poison
 p - 3 scrolls of fog {unknown}
 q - a scroll of magic mapping {unknown}
Potions
 d - a potion of lignification
 f - a potion of resistance
 g - a potion of invisibility {unknown}
 h - 4 potions of degeneration
 k - a potion of mutation


   Skills:
 - Level 1.0 Fighting
 + Level 7.3 Long Blades
 - Level 4.0 Maces & Flails
 - Level 1.5 Dodging


You had 5 spell levels left.
You didn't know any spells.
Your spell library contained the following spells:

 Spells                   Type           Power      Damage    Failure   Level
 Inner Flame              Hex/Fire       0%         N/A       71%         3
 Flame Wave               Conj/Fire      0%         2d4       98%         4
 Sticky Flame             Conj/Fire      0%         2d3       98%         4


Dungeon Overview and Level Annotations

Branches:
Dungeon (3/15)              Sewer (1/1)

Altars:

Shops:
D:2 :


Innate Abilities, Weirdness & Mutations

Your serpentine skin is tough. (AC +2)
You have supernaturally acute eyesight. (SInv)
Armour fits poorly on your strangely shaped body.
Your system is resistant to poisons. (rPois)
You cover ground very slowly.
You can exhale a cloud of poison.
You have a snake-like lower body.
Your mind is acute. (Int +4, Str/Dex -1)
Your flesh is heat resistant. (rF+)
You are robust. (+10% HP)


Message History

You feel very sick.
You feel very sick.
You feel sick.
You feel sick.
The kobold brigand hits you but does no damage.
The kobold brigand hits you with a +0 club.
You slash the kobold brigand!
The kobold brigand is moderately wounded.
You feel sick.
The kobold brigand barely misses you. x2
You hit the kobold brigand.
The kobold brigand is moderately wounded.
You feel sick.
The kobold brigand hits you with a +0 whip.
The kobold brigand hits you with a +0 club.
You slash the kobold brigand!
The kobold brigand is severely wounded.
You feel sick. The kobold brigand barely misses you.
The kobold brigand hits you with a +0 club.
You closely miss the kobold brigand.
The kobold brigand is severely wounded.
You feel sick.
You are no longer poisoned.
The kobold brigand hits you with a +0 whip!
* * * LOW HITPOINT WARNING * * *
The kobold brigand hits you with a +0 club.
* * * LOW HITPOINT WARNING * * *
Aiming: Breathe Poison Gas (6% risk of failure)
Press: ? - help, Shift-Dir - straight line, f - kobold brigand
Aim: a kobold brigand, wielding a +0 whip and quivering poisoned darts (50% to hit)
You exhale a blast of poison gas.
The poison gas engulfs the kobold brigand but does no damage.
The kobold brigand is poisoned.
The kobold brigand is engulfed in poison gas.
The kobold brigand looks even sicker.
The kobold brigand hits you with a +0 whip!
* * * LOW HITPOINT WARNING * * *
The kobold brigand is engulfed in poison gas.
The kobold brigand is poisoned.
The kobold brigand hits you with a +0 club.
You die...

######.~~.~.~~~~~..##
#.~.~.#####.~...#
#.~..## ##~~~~#
#.~~## ##.~.# #~..#
#...# #~~.# #☼☼☼#
##~~~## ##☼☼~##
#~~~~~# #☼K☼☼~#
#~###~# #@###.# #~#
#~# #K# #~# ##~###~##
##~###.## #~.~#~~~#
#~~~#~†~# #~#~#~#~#
#~#~#~#~# #~#~#~#~#
#~#~#~#†# #~#~#~#~#
#~#~#~#~# #.#)#.#.#
#.#.#.#.# #########
#########


You could see 2 kobold brigands.

Vanquished Creatures
  Sigmund (D:2)
  A kobold brigand (Sewer)
  5 adders
  2 river rats (Sewer)
  5 worms
  2 dart slugs
  An orc (D:3)
  3 ball pythons
  8 endoplasms
  3 goblins (D:1)
  3 hobgoblins
  4 jackals (D:1)
  3 quokkas
  3 bats
  3 frilled lizards
  9 kobolds
  3 rats
59 creatures vanquished.

Notes
Turn   | Place    | Note
-------+----------+-------------------------------------------
     0 | D:1      | MajorAdolf the Naga Wanderer began the quest for the Orb.
     0 | D:1      | MajorAdolf set off with the following items: a +2 falchion,
                  | a +0 mace, a +0 helmet, a potion of lignification, a +0
                  | leather armour.
     0 | D:1      | Reached XP level 1. HP: 18/18 MP: 1/1
   159 | D:1      | Reached XP level 2. HP: 25/25 MP: 2/2
   330 | D:1      | Found a faded altar of an unknown god.
   345 | D:1      | Reached skill level 4 in Long Blades
   457 | D:1      | Reached XP level 3. HP: 31/31 MP: 3/3
  1000 | D:2      | Noticed Sigmund
  1109 | D:2      | Found Tuwk's Book Emporium.
  1675 | D:2      | Killed Sigmund
  1676 | D:2      | Reached skill level 6 in Long Blades
  1676 | D:2      | Reached XP level 4. HP: 16/38 MP: 4/4
  1676 | D:2      | Reached XP level 5. HP: 19/44 MP: 5/5
  1885 | D:3      | Gained mutation: You are dopey. (Int -2) [potion of
                  | mutation]
  1885 | D:3      | Gained mutation: You are somewhat resistant to further
                  | mutation. [potion of mutation]
  1910 | D:3      | Lost mutation: You are dopey. (Int -2) [potion of mutation]
  1910 | D:3      | Lost mutation: You are somewhat resistant to further
                  | mutation. [potion of mutation]
  1910 | D:3      | Gained mutation: Your flesh is heat resistant. (rF+)
                  | [potion of mutation]
  1910 | D:3      | Gained mutation: You can exhale a cloud of poison. [potion
                  | of mutation]
  1910 | D:3      | Gained mutation: Your mind is acute. (Int +4, Str/Dex -1)
                  | [potion of mutation]
  1910 | D:3      | Gained mutation: You are robust. (+10% HP) [potion of
                  | mutation]
  1967 | D:3      | Found a glowing drain.
  1984 | Sewer    | Entered a sewer
  2024 | Sewer    | Reached XP level 6. HP: 56/56 MP: 6/6
  2112 | Sewer    | Reached skill level 7 in Long Blades
  2537 | Sewer    | Slain by a kobold brigand

Illustrated notes

Levels and vault maps discovered:
D:1:      dpeg_arrival_boxorama, layout_loops_ring, basic_ecumenical_altar,
          roderic_malta_cross, minmay_crystal_room, dreamdust_princess_corridor,
          minmay_misc_feat_roman, chequers_mini_garden
D:2:      layout_rooms, serial_shops, nicolae_shop_stone, uniq_sigmund
D:3:      layout_basic, cheibrodos_sewer_entry_bend,
          minmay_fractal_squares_gapless_5
Sewer:    sewer_co_tree

Skill      XL: |  1  2  3  4  5  6 |
---------------+-------------------+-----
Long Blades    | 4 6 7 |  7.3
Fighting       | |  1.0
Maces & Flails | |  4.0
Dodging        | |  1.5

Action                     |  1- 3 |  4- 6 || total
---------------------------+-------+-------++-------
  Melee: Falchion          |    76 |    62 ||   138
Ability: Spit Poison       |     6 |       ||     6
         Breathe Poison Ga |       |    11 ||    11
    Use: Scroll            |       |     6 ||     6
         Potion            |       |     2 ||     2
   Stab: Sleeping          |     1 |       ||     1
 Armour: Leather armour    |    21 |    10 ||    31
  Dodge: Dodged            |    38 |    29 ||    67
